 Dungeon Crawl Stone Soup version 0.30-a0-439-g9e77e4d916 (webtiles) character file.

Game seed: 1955498725787964503

8652 Emberiza the Severer (level 11, -4/89 HPs)
             Began as a Minotaur Berserker on Dec 10, 2022.
             Was an Elder of Trog.
             Slain by a death yak (6 damage)
             ... on level 9 of the Dungeon.
             The game lasted 00:11:51 (8313 turns).

Emberiza the Severer (Minotaur Berserker)           Turns: 8313, Time: 00:11:52

Health: -4/89      AC: 25    Str: 27    XL:     11   Next: 12%
Magic:  10/10      EV:  5    Int:  4    God:    Trog [****..]
Gold:   555        SH:  4    Dex:  9    Spells: 10/10 levels left

rFire   . . .      SeeInvis +    x - +4 flail (protect)
rCold   . . .      Faith    .    d - +0 buckler
rNeg    . . .      Spirit   .    p - +0 crystal plate armour of Slovenliness {rPois SInv}
rPois   +          Reflect  .    (helmet restricted)
rElec   .          Harm     .    (no cloak)
rCorr   .          Rampage  .    l - +0 pair of gloves
Will    ++...                    (no boots)
Stlth   ..........               e - amulet of the acrobat
HPRegen 1.34/turn                (no ring)
MPRegen 0.12/turn                (no ring)

@: brilliant, strong-willed (expiring), under a protective aura, on berserk
cooldown, regenerating (expiring), slowed, very slow
A: horns 2, retaliatory headbutt
a: Renounce Religion, Berserk, Trog's Hand, Brothers in Arms


You were on level 9 of the Dungeon.
You worshipped Trog.
Trog was greatly pleased with you.
You visited 1 branch of the dungeon, and saw 9 of its levels.

You collected 555 gold pieces.

Inventory:

Hand Weapons
 a - a +0 hand axe
 h - a +0 war axe
 i - a +2 whip of electrocution
 x - a +4 flail of protection (weapon)
 A - a +1 battleaxe of draining
Missiles
 n - 4 curare-tipped darts (quivered)
 t - 20 poisoned darts
Armour
 b - a +0 animal skin
 d - a +0 buckler (worn)
 f - a +0 ring mail
 l - a +0 pair of gloves (worn)
 p - the +0 crystal plate armour of Slovenliness (worn) {rPois SInv}
   (You acquired it on level 5 of the Dungeon)

   rPois:     It protects you from poison.
   SInv:      It lets you see invisible.
Jewellery
 e - an amulet of the acrobat (around neck)
Wands
 y - a wand of light (2)
 F - a wand of paralysis (10)
 G - a wand of digging (4)
Scrolls
 c - a scroll of fear {unknown}
 j - 2 scrolls of enchant armour
 u - 5 scrolls of teleportation
 w - a scroll of amnesia
 z - 3 scrolls of enchant weapon
 D - a scroll of vulnerability
 H - a scroll of magic mapping {unknown}
Potions
 g - 2 potions of mutation {unknown}
 k - 4 potions of flight {unknown}
 m - 2 potions of lignification {unknown}
 o - 7 potions of curing
 q - a potion of brilliance
 r - a potion of magic {unknown}
 s - a potion of invisibility {unknown}
 v - 3 potions of berserk rage {unknown}
 B - 2 potions of haste {unknown}
 C - a potion of might {unknown}
 E - a potion of heal wounds {unknown}


   Skills:
 + Level 6.1 Fighting
 - Level 18.0 Axes
 + Level 5.5 Armour
 + Level 5.0 Dodging
 + Level 4.7 Shields


You had 10 spell levels left.
You didn't know any spells.
Your spell library was empty.

Dungeon Overview and Level Annotations

Branches:
Dungeon (9/15)             Temple (0/1) D:7             Orc (0/2) D:9
   Lair: D:8-11

Altars:
Ashenzari
Dithmenos
Fedhas
Hepliaklqana
Kikubaaqudgha
Makhleb
Nemelex Xobeh
Ru
Sif Muna
Uskayaw
Wu Jian
Zin

Shops:
D:5 *


Innate Abilities, Weirdness & Mutations

You have a pair of horns on your head.
You reflexively headbutt those who attack you in melee.


Message History

The death yak gores you!
* * * LOW HITPOINT WARNING * * *
You sock the death yak!
You kill the death yak!
Trog accepts your kill.
Your Armour skill increases to level 5!
You have reached level 11!
You sock the death yak!
The death yak is heavily wounded.
You bludgeon the death yak!! Your headbutt misses the death yak.
The death yak is severely wounded.
The death yak gores you!
* * * LOW HITPOINT WARNING * * *
The kobold hits you but does no damage.
You sock the death yak! You headbutt the death yak!
The death yak is almost dead.
You are no longer berserk.
You are exhausted.
You feel yourself slow down.
You hit the death yak but do no damage.
The death yak is almost dead.
The death yak gores you!
* * * LOW HITPOINT WARNING * * *
The death yak gores you but does no damage.
You hit the death yak.
You kill the death yak!
Trog accepts your kill.
You feel the effects of Trog's Hand fading.
The death yak gores you.
* * * LOW HITPOINT WARNING * * *
Your Fighting skill increases to level 6!
Your Dodging skill increases to level 5!
You feel better. The death yak gores you.
* * * LOW HITPOINT WARNING * * *
It was a potion of brilliance.
You feel clever all of a sudden. The death yak gores you!
* * * LOW HITPOINT WARNING * * *
The death yak gores you.
You die...

.......................
######..##..######....#
#.########### ....#
'...#.......# ....
#...#.......# ....
#...#.......#
###.##†.##..############
###.##..##......)#.....#
........#.......@YK...##
...††...##..##..##)...#
........##..##..##........
.............#...#........
###.##..##...#...#.<......
#.###+##..##..##........
... #+###..##.......#
..... #....#.......# .....
#....#.......#


You could see a death yak and a kobold.

Vanquished Creatures
  A two-headed ogre (D:9)
  5 death yaks (D:9)
  Pikel (D:8)
  Maggie (D:8)
  Prince Ribbit (D:7)
  Eustachio (D:6)
  A steam dragon (D:8)
  Edmund (D:6)
  3 water moccasins
  An acid dragon (D:9)
  An orc warrior (D:9)
  A black bear (D:7)
  6 ice beasts
  5 centaurs
  An ogre (D:6)
  3 phantoms
  Blork the orc (D:4)
  2 kobold brigands
  2 bullfrogs
  A necrophage (D:7)
  7 scorpions
  4 killer bees (D:9)
  4 howler monkeys
  3 jellies
  4 orc priests
  3 hounds
  A gnoll bouda (D:9)
  Jessica (D:3)
  6 iguanas
  8 orc wizards
  5 gnolls (D:9)
  5 adders
  A shadow imp (D:7)
  A white imp (D:7)
  An ufetubus (D:5)
  A worm (D:3)
  3 dart slugs
  37 orcs
  A bat (D:1)
  4 endoplasms
  5 goblins
  10 hobgoblins
  2 jackals (D:5)
  20 kobolds
  5 quokkas
  3 ball pythons
  5 frilled lizards
  3 rats
192 creatures vanquished.

Notes
Turn   | Place    | Note
-------+----------+-------------------------------------------
     0 | D:1      | Emberiza the Minotaur Berserker began the quest for the
                  | Orb.
     0 | D:1      | Reached XP level 1. HP: 19/19 MP: 0/0
    85 | D:1      | Reached skill level 4 in Axes
   198 | D:1      | Found a faded altar of an unknown god.
   221 | D:1      | Reached XP level 2. HP: 22/26 MP: 1/1
  1089 | D:2      | Reached ** piety under Trog
  1331 | D:2      | Reached skill level 5 in Axes
  1612 | D:2      | Reached XP level 3. HP: 31/31 MP: 2/2
  1895 | D:3      | Noticed Jessica
  1899 | D:3      | Killed Jessica
  1943 | D:3      | Reached XP level 4. HP: 39/39 MP: 3/3
  1945 | D:3      | Reached skill level 6 in Axes
  2070 | D:3      | Found a burning altar of Makhleb.
  2123 | D:3      | Reached skill level 7 in Axes
  2123 | D:3      | Reached XP level 5. HP: 15/45 MP: 4/4
  2519 | D:3      | Found an ornate altar of the Wu Jian Council.
  2570 | D:3      | Found a broken altar of Ashenzari.
  2583 | D:3      | Found a glowing silver altar of Zin.
  2892 | D:4      | Reached skill level 8 in Axes
  3047 | D:4      | Reached XP level 6. HP: 51/51 MP: 5/5
  3250 | D:4      | Reached skill level 9 in Axes
  3323 | D:4      | Found a blossoming altar of Fedhas.
  3380 | D:4      | Reached XP level 7. HP: 42/57 MP: 6/6
  3752 | D:4      | Noticed Blork the orc
  3763 | D:4      | Killed Blork the orc
  3764 | D:4      | Reached skill level 10 in Axes
  3883 | D:4      | Reached *** piety under Trog
  4003 | D:5      | Entered Level 5 of the Dungeon
  4054 | D:5      | Reached skill level 11 in Axes
  4103 | D:5      | Found Foextas's Serpentskin Sales.
  4113 | D:5      | Reached XP level 8. HP: 53/64 MP: 7/7
  4394 | D:5      | Reached skill level 12 in Axes
  4398 | D:5      | Identified a scroll of acquirement
  4398 | D:5      | Acquired the +0 crystal plate armour of Slovenliness {rPois
                  | SInv}
  4532 | D:5      | Found a sparkling altar of Nemelex Xobeh.
  4690 | D:5      | Found a hide-covered altar of Uskayaw.
  4791 | D:5      | Found a shimmering blue altar of Sif Muna.
  5071 | D:6      | Found an ancient bone altar of Kikubaaqudgha.
  5125 | D:6      | Noticed Edmund
  5139 | D:6      | Killed Edmund
  5140 | D:6      | Reached skill level 13 in Axes
  5181 | D:6      | Noticed Eustachio
  5192 | D:6      | Killed Eustachio
  5431 | D:6      | Reached skill level 14 in Axes
  5777 | D:7      | Reached XP level 9. HP: 42/70 MP: 8/8
  6140 | D:7      | Reached skill level 15 in Axes
  6176 | D:7      | Found a sacrificial altar of Ru.
  6213 | D:7      | Noticed Prince Ribbit
  6244 | D:7      | Reached **** piety under Trog
  6251 | D:7      | Killed Prince Ribbit
  6385 | D:7      | Found a staircase to the Ecumenical Temple.
  6396 | D:7      | Reached skill level 16 in Axes
  6733 | D:8      | Found a sand-covered staircase.
  6734 | D:8      | Noticed Pikel
  6740 | D:8      | Paralysed by Pikel for 4 turns
  6756 | D:8      | Killed Pikel
  6845 | D:8      | Found a flagged portal.
  6899 | D:8      | Noticed Maggie
  6913 | D:8      | Killed Maggie
  6914 | D:8      | Reached skill level 17 in Axes
  6914 | D:8      | Reached XP level 10. HP: 77/77 MP: 9/9
  7144 | D:8      | Found a hazy altar of Hepliaklqana.
  7157 | D:8      | Found a shadowy altar of Dithmenos.
  7808 | D:9      | Found a staircase to the Orcish Mines.
  8123 | D:9      | Reached skill level 18 in Axes
  8151 | D:9      | Noticed a death yak
  8151 | D:9      | Noticed a two-headed ogre
  8165 | D:9      | Killed a two-headed ogre
  8166 | D:9      | Reached skill level 1 in Shields
  8174 | D:9      | Killed a death yak
  8269 | D:9      | Noticed a death yak
  8271 | D:9      | Noticed a death yak
  8271 | D:9      | Noticed a death yak
  8271 | D:9      | Noticed a death yak
  8273 | D:9      | Noticed a death yak
  8288 | D:9      | Killed a death yak
  8289 | D:9      | Reached skill level 5 in Fighting
  8298 | D:9      | Killed a death yak
  8306 | D:9      | Killed a death yak
  8307 | D:9      | Reached skill level 5 in Armour
  8307 | D:9      | Reached XP level 11. HP: 34/89 MP: 10/10
  8311 | D:9      | Killed a death yak
  8312 | D:9      | Reached skill level 5 in Dodging
  8313 | D:9      | HP: 2/89 [death yak (10)]
  8313 | D:9      | Slain by a death yak

Illustrated notes

Levels and vault maps discovered:
D:1:      lightli_arrival_noodles, layout_basic, basic_ecumenical_altar
D:2:      layout_loops_ring, roderic_lattice_a
D:3:      layout_loops_ring, old_standard_altar, bloody_makhleb,
          mainiacjoe_overflow_large_starburst, uniq_jessica
D:4:      layout_basic, fedhas_altar_4, minmay_misc_feat_cross,
          uniq_blork_the_orc
D:5:      layout_basic, kennysheep_orc_sif_temple, nemelex_diamond_rough_becter,
          mainiacjoe_overflow_alcove_2, grunt_ministairs_10, guppyfry_shop_venom
D:6:      layout_basic, nicolae_overflow_crystal_walls, uniq_eustachio,
          uniq_edmund
D:7:      layout_rooms, nicolae_ru_the_path_less_chosen,
          minmay_temple_entry_sparse_star, uniq_prince_ribbit1
D:8:      layout_gridville, amcnicky_altar_gilded,
          mainiacjoe_overflow_six_doors_small, enter_bailey_2,
          nicolae_ossuary_entry_ruins, amethyst_killhole, grunt_ministairs_7,
          uniq_maggie, uniq_pikel
D:9:      layout_gridville, nicolae_elyvilon_peaceful_grove, dpeg_lair_monsters,
          orc_0_dummy

Skill      XL: |  1  2  3  4  5  6  7  8  9 10 11 |
---------------+----------------------------------+-----
Axes           | 4 5 7 8 9 11 14 17 18 | 18.0
Fighting       | 5 6 |  6.1
Armour         | 5 |  5.5
Shields        | 4 |  4.7
Dodging        | 4 5 |  5.0

Action                   |  1- 3 |  4- 6 |  7- 9 | 10-12 || total
-------------------------+-------+-------+-------+-------++-------
Melee: Hand axe          |    29 |       |       |       ||    29
       Headbutt          |     7 |    12 |    42 |    31 ||    92
       Whip              |    22 |   101 |    89 |       ||   212
       Flail             |       |       |   155 |   142 ||   297
Invok: Berserk           |       |     5 |     3 |     5 ||    13
       Trog's Hand       |       |       |     1 |     1 ||     2
  Use: Scroll            |     1 |     3 |     5 |       ||     9
       Potion            |       |       |       |     2 ||     2
Armor: Animal skin       |     2 |       |       |       ||     2
       Ring mail         |     6 |    23 |    10 |       ||    39
       Crystal plate arm |       |       |   119 |   105 ||   224
Dodge: Dodged            |    35 |    49 |    87 |    49 ||   220
Block: Buckler           |     4 |    10 |    24 |    16 ||    54

Table legend: (Time is in decaauts)
 A = Elapsed time spent in this place.
 B = Non-inter-level travel time spent in this place.
 C = Inter-level travel time spent in this place.
 D = Time resting spent in this place.
 E = Time spent auto-exploring this place.
 F = Levels seen in this place.
 G = Mean time per level.
                   A        B        C        D        E       F      G
               +--------+--------+--------+--------+--------+-----+--------+
         Total |   8358 |   8013 |    345 |   1161 |   5490 |   9 |  928.7 |
       Dungeon |   8358 |   8013 |    345 |   1161 |   5490 |   9 |  928.7 |
               +--------+--------+--------+--------+--------+-----+--------+

Top non-repeatable levels by time:
     D:8: 1192 daAuts
     D:4: 1178 daAuts
     D:3: 1092 daAuts
     D:1: 980 daAuts
     D:5: 902 daAuts
     D:7: 858 daAuts
     D:6: 844 daAuts
     D:2: 786 daAuts
     D:9: 523 daAuts
